 Dungeon Crawl Stone Soup version 0.16-a0-3963-gf3423b3 (console) character file.

128 Fusha the Gusty (level 4, -6/27 HPs)
             Began as a High Elf Air Elementalist on Feb 10, 2015.
             Was an Initiate of the Shining One.
             Killed by divine providence
             ... invoked by an orc priest
              (13 damage)
             ... on level 2 of the Dungeon.
             The game lasted 00:11:04 (2756 turns).

Fusha the Gusty (High Elf Air Elementalist)         Turns: 2756, Time: 00:11:04

Health: -6/27      AC:  7    Str:  7    XL:     4   Next: 86%
Magic:  6/13       EV: 13    Int: 20    God:    the Shining One [......]
Gold:   144        SH:  0    Dex: 18    Spells: 3 memorised, 5 levels left

rFire  . . .     SeeInvis .     f - +1 mace (protect)
rCold  . . .     Clarity  .     a - +0 robe
rNeg   + . .     SustAb   .     (no shield)
rPois  .         Gourm    .     (no helmet)
rElec  .         Spirit   .     (no cloak)
rCorr  .         Warding  +     (no gloves)
rMut   .         Stasis   .     (no boots)
MR     .....                    p - amulet of warding
Stlth  ++........               (no ring)
                                q - +3 ring of dexterity

@: very slightly contaminated, hasted, repel missiles, very quick, not resistant
to hostile enchantments, unstealthy
A: no striking features
a: Renounce Religion


You were on level 2 of the Dungeon.
You worshipped the Shining One.
The Shining One was noncommittal.
You were not hungry.

You visited 1 branch of the dungeon, and saw 3 of its levels.

You collected 144 gold pieces.

Inventory:

Hand weapons
 f - a +1 mace of protection (weapon)
Missiles
 e - 14 javelins (quivered)
 o - 37 stones
Armour
 a - a +0 robe (worn)
Jewellery
 p - an amulet of warding (around neck)
 q - a +3 ring of dexterity (left hand)
Scrolls
 g - a scroll of enchant weapon {unknown}
 h - 3 scrolls of identify {unknown}
 l - a scroll of noise {unknown}
 m - a scroll of teleportation {unknown}
 n - 3 scrolls of magic mapping {unknown}
 r - a scroll of remove curse {unknown}
Books
 b - a book of Air

   Spells                             Type                      Level
   a - Shock                          Conjuration/Air              1
   b - Swiftness                      Charms/Air                   2
   c - Repel Missiles                 Charms/Air                   2
   d - Flight                         Charms/Air                   3
   e - Static Discharge               Conjuration/Air              3
   f - Lightning Bolt                 Conjuration/Air              5
Comestibles
 c - a beef jerky
 s - a meat ration


   Skills:
 + Level 0.4 Fighting
 - Level 0.1 Maces & Flails
 + Level 2.9 Dodging
 - Level 2.4 Stealth
 + Level 3.8 Spellcasting
 + Level 1.7 Conjurations
 + Level 0.2 Charms
 + Level 4.8 Air Magic


You had 5 spell levels left.
You knew the following spells:

 Your Spells              Type           Power        Failure   Level  Hunger
a - Shock                 Conj/Air       ###.         3%          1    None
b - Repel Missiles        Chrm/Air       ##....       10%         2    ##.....
c - Swiftness             Chrm/Air       ##......     10%         2    ##.....


Dungeon Overview and Level Annotations

Branches:
Dungeon (3/15)

Altars:
The Shining One


Message History

Casting: Shock
Confirm with . or Enter, or press ? or * to list all spells.
Aiming: Shock
Press: ? - help, Shift-Dir - straight line, f/p - orc priest
Aim: an orc priest, wielding a club and wearing a leather armour (heavily wounded)
The zap hits the orc priest.
The orc priest is severely wounded.
The orc priest closely misses you. The orc hits you with a flail.
* * * LOW HITPOINT WARNING * * *
Casting: Shock
Confirm with . or Enter, or press ? or * to list all spells.
Aiming: Shock
Press: ? - help, Shift-Dir - straight line, f/p - orc priest
Aim: an orc priest, wielding a club and wearing a leather armour (severely wounded)
The zap hits the orc priest.
The orc priest is severely wounded.
The orc hits you but does no damage.
The orc priest invokes the aid of Beogh against you.
Something smites you!
You die... ..........####.....## .#.......## #8.....8# .##.....## ##.....## ####...## #8...8# ##'## ##.....## #.# #8.....8# #.# ##.)[..## ##.## #8ooo8#

##...## ###@###
#.....# ########
####...## ##.##...#
..###.## ##.......#
#.###.####.....####
#...............#
#####.####.....##
#.# ##...## #.#
##.##


You could see an orc priest and 2 orcs.

Vanquished Creatures
  An orc priest (D:2)
  3 adders (D:2)
  2 worms (D:2)
  2 giant geckos
  4 orcs (D:2)
  9 bats
  2 giant cockroaches (D:1)
  4 goblins
  7 hobgoblins
  2 jackals (D:1)
  8 kobolds
  2 quokkas (D:2)
  2 giant newts
  8 rats
  A bush (D:1)
  A plant (D:1)
58 creatures vanquished.

Notes
Turn   | Place    | Note
--------------------------------------------------------------
     0 | D:1      | Fusha, the High Elf Air Elementalist, began the quest for the Orb.
     0 | D:1      | Reached XP level 1. HP: 11/11 MP: 4/4
   325 | D:1      | Reached XP level 2. HP: 9/17 MP: 3/6
   494 | D:1      | Learned a level 2 spell: Repel Missiles
   497 | D:1      | Learned a level 2 spell: Swiftness
   528 | D:1      | Reached skill level 4 in Air Magic
   900 | D:1      | Reached XP level 3. HP: 21/21 MP: 1/8
  1406 | D:2      | Found a glowing golden altar of the Shining One.
  2207 | D:2      | Reached XP level 4. HP: 27/27 MP: 9/12
  2425 | D:2      | Became a worshipper of the Shining One
  2756 | D:2      | Killed from afar by an orc priest

Action                   |  1- 3 |  4- 6 || total
-------------------------+-------+-------++-------
Melee: Unarmed           |    13 |       ||    13
       Mace              |   200 |     3 ||   203
 Cast: Shock             |    87 |    33 ||   120
       Repel Missiles    |     1 |       ||     1
       Swiftness         |     1 |       ||     1
  Use: Potion            |       |     5 ||     5
 Stab: Sleeping          |     1 |       ||     1
  Eat: Bread ration      |     1 |       ||     1
       Royal jelly       |       |     1 ||     1
